 Dungeon Crawl Stone Soup version 0.28.0-49-g6dfe1f597d (webtiles) character file.

Game seed: 11941397053559733820

1461 bnorton916 the Firebug (level 8, 0/41 HPs)
             Began as a Deep Elf Fire Elementalist on May 17, 2022.
             Was an Initiate of Gozag.
             Succumbed to a scorpion's poison
             ... on level 5 of the Dungeon.
             The game lasted 00:15:01 (9699 turns).

bnorton916 the Firebug (Deep Elf Fire Elementalist) Turns: 9699, Time: 00:15:01

Health: 0/41       AC:  7    Str: 11      XL:     8   Next: 48%
Magic:  12/18      EV: 12    Int: 20 (23) God:    Gozag
Gold:   235        SH:  0    Dex: 15      Spells: 2/17 levels left

rFire   . . .      SeeInvis .   d - +2 short sword (speed)
rCold   . . .      Faith    .   y - orb {*channel}
rNeg    + . .      Spirit   .   a - +0 robe
rPois   .          Reflect  .   (no helmet)
rElec   .          Harm     .   s - +2 cloak
rCorr   .          Rampage  .   x - +1 pair of gloves
Will    .....                   (no boots)
Stlth   ++........              (no amulet)
HPRegen 0.13/turn               z - +6 ring of strength
MPRegen 0.16/turn               l - ring of positive energy

@: lethally poisoned (0 -> -13), gold aura
A: no striking features
a: Renounce Religion, Potion Petition, Call Merchant, Bribe Branch


You were on level 5 of the Dungeon.
You worshipped Gozag.
Gozag was aware of your devotion.
You visited 2 branches of the dungeon, and saw 7 of its levels.

You collected 336 gold pieces.
You paid 101 gold pieces to Gozag.

Inventory:

Hand Weapons
 c - a +2 vorpal spear
 d - a +2 short sword of speed (weapon)
Armour
 a - a +0 robe (worn)
 m - the +0 ring mail "Teits" {Contam +Blink Will++ rCorr}
   (You found it on level 2 of the Dungeon)

   +Blink:    It lets you blink.
   Contam:    It causes magical contamination when unequipped.
   rCorr:     It protects you from acid and corrosion.
   Will:      It greatly increases your willpower.
 s - a +2 cloak (worn)
 x - a +1 pair of gloves (worn)
 y - an orb of energy (worn)
Magical Staves
 i - a staff of cold
Jewellery
 h - a ring of fire
 l - a ring of positive energy (right hand)
 p - a ring of fire
 u - an amulet of guardian spirit
 z - a +6 ring of strength (left hand)
Wands
 q - a wand of iceblast (12)
 B - a wand of polymorph (12)
Scrolls
 k - a scroll of brand weapon {unknown}
Potions
 b - 3 potions of curing
 e - a potion of mutation {unknown}
 f - a potion of invisibility {unknown}
 j - 4 potions of attraction {unknown}
 n - 2 potions of lignification {unknown}
 o - 3 potions of cancellation
 r - a potion of flight {unknown}
 t - a potion of brilliance {unknown}
 v - a potion of heal wounds {unknown}
 w - a potion of might


   Skills:
 * Level 1.0 Armour
 - Level 2.4 Dodging
 - Level 2.4 Stealth
 - Level 5.3 Spellcasting
 + Level 6.6 Conjurations
 + Level 7.4 Fire Magic
 - Level 5.0 Evocations


You had 2 spell levels left.
You knew the following spells:

 Your Spells              Type           Power      Damage    Failure   Level
a - Foxfire               Conj/Fire      100%       2x1d9     1%          1
b - Scorch                Fire           70%        2d8       1%          2
c - Conjure Flame         Conj/Fire      33%        6-21      1%          3
d - Flame Wave            Conj/Fire      33%        2d8       6%          4
e - Apportation           Tloc           10%        N/A       11%         1
f - Sticky Flame          Conj/Fire      33%        2d5       6%          4

Your spell library contained the following spells:

 Spells                   Type           Power      Damage    Failure   Level
 Ensorcelled Hibernation  Hex/Ice        10%        N/A       17%         2
 Passwall                 Tmut/Erth      4%         N/A       17%         2
 Inner Flame              Hex/Fire       20%        N/A       8%          3
 Ignite Poison            Fire/Tmut/Pois 15%        N/A       12%         3
 Swiftness                Air            5%         N/A       32%         3
 Alistair's Intoxication  Tmut/Pois      3%         N/A       97%         5


Dungeon Overview and Level Annotations

Branches:
Dungeon (6/15)             Temple (1/1) D:6

Altars:
Ashenzari
Cheibriados
Dithmenos
Elyvilon
Fedhas
Gozag
Hepliaklqana
Kikubaaqudgha
Nemelex Xobeh
Qazlal
Ru
Sif Muna
Trog
Vehumet
Wu Jian
Xom
Yredelemnul
Zin
The Shining One


Message History

The foxfire hits the scorpion but does no damage.
The foxfire hits the shadow imp but does no damage.
The shadow imp is severely wounded.
The scorpion closely misses you. The shadow imp misses you.
The shadow imp gestures at you. Pain shoots through your body!
The scorpion stings you but does no damage.
The shadow imp gestures at you. Pain shoots through your body!
The scorpion stings you but does no damage.
You see here a +0 mace.
The centaur skeleton hits you. The centaur skeleton kicks you.
Things that are here:
a +0 trident; a +0 leather armour
There is a stone staircase leading up here.
Casting: Foxfire (safe; 1% risk of failure)
Confirm with . or Enter, or press ? or * to list all spells.
Flames lash the scorpion.
The scorpion is severely wounded.
The scorpion's fire resistance burns away.
The scorpion stings you.
Unknown command.
The scorpion stings you!
You are poisoned.
The scorpion poisons you! The scorpion stings you.
You are lethally poisoned!
The scorpion poisons you!
You climb upwards.
* * * LOW HITPOINT WARNING * * *
You feel extremely sick.
There is a stone staircase leading down here.
Casting: Scorch (safe; 1% risk of failure)
Confirm with . or Enter, or press ? or * to list all spells.
Flames lash the scorpion.
The scorpion is burned terribly!
You kill the scorpion!
* * * LOW HITPOINT WARNING * * *
You feel very sick.
Your Armour skill increases to level 1!
You die...
Your body crumbles into a pile of gold.

#...#..######....###..##...
#...#.## ##..###....##<..
#.....######...###.##.##...
#...#........#.#...##.#....
##..#..#######...###.......
#..#.## ##.......##... #..#.#
#####......#.#....
#####..######.....#.##.#.#.###
#...........$@###...##.....#..
#..........######.###.........
#..........####...##..........
######.##.......####.)........
#.#..####### #..........
###.#.## ###.......... #.....#
#####............
#.....#####.....##..(....#.
#..........................


There were no monsters in sight!

Vanquished Creatures
  Eustachio (D:5)
  A wyvern (D:5)
  A black bear (D:6)
  2 ogres
  A phantom (D:5)
  2 scorpions
  2 water moccasin zombies (D:3)
  A wyvern skeleton (D:6)
  2 centaur zombies (D:5)
  2 hounds
  Crazy Yiuf (D:2)
  A bullfrog skeleton (D:6)
  A centaur skeleton (D:6)
  Terence (D:1)
  2 orc wizards
  A hound skeleton (D:4)
  4 gnolls
  3 adders
  10 river rats (D:6)
  An adder skeleton (D:4)
  3 worms
  2 dart slugs
  5 orcs
  8 endoplasms
  4 giant cockroaches
  9 goblins
  8 hobgoblins
  5 jackals (D:3)
  12 quokkas
  4 ball pythons
  3 bats
  A frilled lizard (D:3)
  3 kobolds
  17 rats
124 creatures vanquished.

Vanquished Creatures (collateral kills)
  2 foxfires (D:1)
2 creatures vanquished.

Vanquished Creatures (others)
  229 foxfires
229 creatures vanquished.

Grand Total: 355 creatures vanquished

Notes
Turn   | Place    | Note
-------+----------+-------------------------------------------
     0 | D:1      | bnorton916 the Deep Elf Fire Elementalist began the quest
                  | for the Orb.
     0 | D:1      | Reached XP level 1. HP: 10/10 MP: 6/6
    85 | D:1      | Noticed a floating eye
    87 | D:1      | Found a faded altar of an unknown god.
    89 | D:1      | Noticed a great orb of eyes
   148 | D:1      | Noticed a golden eye
   157 | D:1      | Noticed a great orb of eyes
   172 | D:1      | Reached XP level 2. HP: 12/15 MP: 0/8
   751 | D:1      | Learned a level 2 spell: Scorch
  1384 | D:2      | Identified the +0 ring mail "Teits" {Contam +Blink Will++
                  | rCorr}
  1435 | D:2      | Reached XP level 3. HP: 19/19 MP: 8/10
  1458 | D:2      | Noticed Terence
  1499 | D:1      | Killed Terence
  1500 | D:1      | Reached skill level 4 in Fire Magic
  1897 | D:2      | Reached XP level 4. HP: 24/24 MP: 9/12
  2160 | D:2      | Found a runed translucent door.
  2161 | D:2      | Noticed Crazy Yiuf
  2170 | D:2      | Killed Crazy Yiuf
  2435 | D:3      | Found a basalt altar of Yredelemnul.
  2578 | D:3      | Reached skill level 5 in Spellcasting
  2578 | D:3      | Reached XP level 5. HP: 25/28 MP: 5/14
  3159 | D:3      | Reached skill level 5 in Fire Magic
  3162 | D:3      | Found a stormy altar of Qazlal.
  3391 | D:3      | Found an ornate altar of the Wu Jian Council.
  3471 | D:3      | Found a glowing golden altar of the Shining One.
  3551 | D:4      | Found a sacrificial altar of Ru.
  3652 | D:4      | Reached XP level 6. HP: 22/32 MP: 9/16
  3775 | D:4      | Reached skill level 1 in Evocations
  3943 | D:4      | Learned a level 3 spell: Conjure Flame
  3948 | D:4      | Learned a level 4 spell: Flame Wave
  5186 | D:5      | Entered Level 5 of the Dungeon
  5186 | D:5      | Found a shimmering altar of Xom.
  5186 | D:5      | Found a bloodstained altar of Trog.
  5186 | D:5      | Found an ancient bone altar of Kikubaaqudgha.
  5186 | D:5      | Found a radiant altar of Vehumet.
  5370 | D:5      | Reached XP level 7. HP: 23/36 MP: 10/17
  5899 | D:5      | Noticed Eustachio
  5926 | D:5      | Learned a level 1 spell: Apportation
  5975 | D:5      | Noticed a wyvern
  5991 | D:5      | Reached skill level 5 in Conjurations
  6251 | D:5      | Killed a wyvern
  6252 | D:5      | Reached skill level 6 in Fire Magic
  7513 | D:6      | Reached XP level 8. HP: 40/41 MP: 12/18
  8440 | D:6      | Found a broken altar of Ashenzari.
  8514 | D:6      | Found a staircase to the Ecumenical Temple.
  8544 | Temple   | Entered the Ecumenical Temple
  8779 | Temple   | Became a worshipper of Gozag Ym Sagoz the Greedy
  8867 | D:6      | Reached skill level 7 in Fire Magic
  9391 | D:5      | Killed Eustachio
  9392 | D:5      | Reached skill level 5 in Evocations
  9652 | D:6      | Learned a level 4 spell: Sticky Flame
  9699 | D:5      | Reached skill level 1 in Armour
  9699 | D:5      | Succumbed to a scorpion's poison

Illustrated notes

Levels and vault maps discovered:
D:1:      minmay_arrival_four_houses, layout_rooms,
          hellmonk_ecumenical_altar_watching_god, minmay_misc_feat_x,
          minmay_hedge_maze, minivault_25
D:2:      layout_rooms, uniq_crazy_yiuf_cottage, uniq_terence
D:3:      layout_loops_ring, general_overflow_altar,
          nicolae_overflow_crystal_walls, mainiacjoe_overflow_large_starburst
D:4:      cheibrodos_quashed, layout_basic, nicolae_ru_sacrificial_ziggurat
D:5:      layout_rooms, chequers_temple_overflow_statue_of_worship,
          cheibrodos_sewer_entry_drain, corexii_item_surrounded_by_moat,
          chequers_avenue, uniq_eustachio
D:6:      lemuel_ratsnest, layout_loops_ring,
          mainiacjoe_overflow_small_starburst, makhleb_altar_promises_db,
          minmay_temple_entry_enclosed_plants, minmay_diced_spiral
Temple:   jpeg_temple_island

Skill      XL: |  1  2  3  4  5  6  7  8 |
---------------+-------------------------+-----
Conjurations   | 2 3 4 5 6 |  6.6
Spellcasting   | 4 5 |  5.3
Fire Magic     | 4 5 6 7 |  7.4
Evocations     | 2 4 5 |  5.0
Armour         | 1 |  1.0
Dodging        | |  2.4
Stealth        | |  2.4

Action                   |  1- 3 |  4- 6 |  7- 9 || total
-------------------------+-------+-------+-------++-------
Melee: Short sword       |       |     9 |     2 ||    11
 Cast: Foxfire           |    38 |    49 |    58 ||   145
       Scorch            |    12 |    28 |    53 ||    93
       Apportation       |       |       |     1 ||     1
  Use: Scroll            |       |     9 |     2 ||    11
 Stab: Sleeping          |       |     1 |       ||     1
Armor: Robe              |     1 |    11 |    42 ||    54
Dodge: Dodged            |    28 |    36 |    73 ||   137
